 Dungeon Crawl Stone Soup version 0.31-a0-473-g61b50ae490 (webtiles) character file.

Game seed: 9879101406945713424

244 CraigForest the Shield-Bearer (level 6, -1/48 HPs)
             Began as a Formicid Fighter on Aug 7, 2023.
             Was an Initiate of the Shining One.
             Slain by an orc
             ... wielding a +0 whip
              (3 damage)
             ... on level 4 of the Dungeon.
             The game lasted 00:03:51 (2359 turns).

CraigForest the Shield-Bearer (Formicid Fighter)    Turns: 2359, Time: 00:03:53

Health: -1/48      AC:  8    Str: 20    XL:     6   Next: 32%
Magic:  6/6        EV:  9    Int:  8    God:    the Shining One [......]
Gold:   163        SH:  5    Dex: 15    Spells: 5/5 levels left

rFire   . . .        a - +0 trident
rCold   . . .        c - +0 buckler
rNeg    . . .        b - +0 scale mail
rPois   .            (helmet unavailable)
rElec   .            s - +0 cloak {Stlth+}
rCorr   .            (no gloves)
SInv    +            (no boots)
Will    .....        (no amulet)
Stlth   +            (no ring)
HPRegen 0.28/turn    (no ring)
MPRegen 0.10/turn

%: no passive effects
@: glowing
A: permanent stasis, dig shafts and tunnels, antennae 3, four strong arms
a: Dig, Shaft Self, Renounce Religion


You were on level 4 of the Dungeon.
You worshipped the Shining One.
The Shining One was noncommittal.
You visited 1 branch of the dungeon, and saw 4 of its levels.

You collected 163 gold pieces.

Inventory:

Hand Weapons
 a - a +0 trident (weapon)
 t - a +4 quarterstaff of chaos
Missiles
 q - 2 poisoned darts
Armour
 b - a +0 scale mail (worn)
 c - a +0 buckler (worn)
 r - a +0 cloak
 s - a +0 cloak of stealth (worn)
Jewellery
 l - a +6 ring of strength
Wands
 p - a wand of digging (5)
Scrolls
 e - 3 scrolls of teleportation {unknown}
 g - 3 scrolls of identify {unknown}
 o - a scroll of fear {unknown}
Potions
 d - a potion of might
 f - 4 potions of ambrosia {unknown}
 h - 2 potions of haste {unknown}
 i - a potion of enlightenment {unknown}
 j - a potion of degeneration {unknown}
 k - a potion of berserk rage {unknown}
 m - 3 potions of lignification {unknown}
 n - 2 potions of curing {unknown}


   Skills:
 + Level 3.9 Fighting
 + Level 3.8 Polearms
 + Level 4.8 Armour
 + Level 1.0 Dodging
 + Level 0.2 Stealth
 + Level 5.1 Shields


You had 5 spell levels left.
You didn't know any spells.
Your spell library contained the following spells:

 Spells                   Type           Power      Damage    Failure   Level
 Lesser Beckoning         Tloc           0%         N/A       91%         2
 Momentum Strike          Conj/Tloc      0%         3d8       91%         2
 Blink                    Tloc           Unusable   N/A       N/A         2

Dungeon Overview and Level Annotations

Branches:
Dungeon (4/15)
 Temple: D:4-7

Altars:
Ashenzari
Vehumet
The Shining One


Innate Abilities, Weirdness & Mutations

You cannot be hasted, slowed, berserked, paralysed or teleported.
You can dig through walls and to a lower floor.
You have a pair of large antennae on your head. (SInv)
Your four strong arms can wield two-handed weapons with a shield.


Message History

You feel sick.
You puncture the adder!
You kill the adder!
You feel sick.
Your Dodging skill increases to level 1!
You closely miss the orc.
You feel sick.
You are no longer poisoned.
You barely miss the orc. The orc hits you with a +0 hand axe.
* * * LOW HITPOINT WARNING * * *
You puncture the orc!
You kill the orc!
You block the orc's attack. x2
The orc misses you. The orc closely misses you.
There is an open door here.
Things that are here:
a +0 hand axe; an adder corpse The orc attacks as you move away!
You block the orc's attack. The orc attacks as you move away!
The orc hits you but does no damage.
You barely miss the orc. The orc hits you with a +0 hand axe.
* * * LOW HITPOINT WARNING * * *
You hit the orc.
The orc is moderately wounded.
The orc hits you with a +0 whip.
* * * LOW HITPOINT WARNING * * *
The orc hits you with a +0 hand axe.
* * * LOW HITPOINT WARNING * * *
You barely miss the orc.
The orc is moderately wounded.
The orc hits you with a +0 hand axe.
* * * LOW HITPOINT WARNING * * *
The orc hits you with a +0 whip.
* * * LOW HITPOINT WARNING * * *
You hit the orc but do no damage.
The orc is moderately wounded.
The orc hits you with a +0 whip.
* * * LOW HITPOINT WARNING * * *
The orc hits you with a +0 hand axe.
* * * LOW HITPOINT WARNING * * *
The orc closely misses you. The orc hits you with a +0 whip.
You die...

............ #...$.......
#........... ###
#######........... ..###
##.#..##........#
..'.####......#......##...
..##..#..P....#...........
######.#..#...#o..).......
#######..)o@#'##.....
#..####.# .... ##.....#+#
... #......... ..
#.###..... .
...#+###<........
...<.............
..#..............
.................


You could see 2 orcs.

Vanquished Creatures
  A scorpion (D:3)
  A hound (D:3)
  Crazy Yiuf (D:4)
  An orc wizard (D:4)
  6 adders
  A worm (D:3)
  4 orcs
  A ball python (D:1)
  4 bats
  3 endoplasms
  2 giant cockroaches
  3 goblins
  3 hobgoblins
  A jackal (D:3)
  5 quokkas
  2 frilled lizards
  4 kobolds
  3 rats
46 creatures vanquished.

Notes
Turn   | Place    | Note
-------+----------+-------------------------------------------
     0 | D:1      | CraigForest the Formicid Fighter began the quest for the
                  | Orb.
     0 | D:1      | Reached XP level 1. HP: 18/18 MP: 1/1
   124 | D:1      | Reached XP level 2. HP: 24/24 MP: 2/2
   487 | D:1      | Reached XP level 3. HP: 29/29 MP: 3/3
  1249 | D:3      | Reached XP level 4. HP: 31/37 MP: 4/4
  1467 | D:3      | Noticed a scorpion
  1479 | D:3      | Killed a scorpion
  1480 | D:3      | Reached XP level 5. HP: 42/42 MP: 5/5
  1594 | D:3      | Found a glowing golden altar of the Shining One.
  1597 | D:3      | Found a radiant altar of Vehumet.
  1600 | D:3      | Found a broken altar of Ashenzari.
  1606 | D:3      | Became a worshipper of the Shining One
  1919 | D:3      | Reached skill level 5 in Shields
  2207 | D:4      | Found a runed translucent door.
  2208 | D:4      | Noticed Crazy Yiuf
  2214 | D:4      | Killed Crazy Yiuf
  2215 | D:4      | Reached XP level 6. HP: 20/48 MP: 6/6
  2350 | D:4      | Reached skill level 1 in Dodging
  2359 | D:4      | HP: 2/48 [orc/+0 hand axe (1)]
  2359 | D:4      | Slain by an orc

Illustrated notes

Levels and vault maps discovered:
D:1:      lightli_arrival_boilingwater, layout_loops_ring, minivault_25
D:2:      layout_loops_ring, minmay_misc_feat_doors
D:3:      minmay_inner_zag, layout_loops_ring, grunt_temple_overflow_diamond
D:4:      layout_basic, minmay_temple_entry_metal_lava, minmay_quadrilaterals,
          uniq_crazy_yiuf_cottage, uniq_grinder

Skill      XL: |  1  2  3  4  5  6 |
---------------+-------------------+-----
Armour         | 4 |  4.8
Polearms       | 3 |  3.8
Shields        | 5 |  5.1
Dodging        | 1 |  1.0
Fighting       | |  3.9
Stealth        | |  0.2

Action                     |  1- 3 |  4- 6 || total
---------------------------+-------+-------++-------
  Melee: Trident           |    83 |   123 ||   206
Ability: Dig               |     1 |       ||     1
 Armour: Scale mail        |    35 |    39 ||    74
  Dodge: Dodged            |    30 |    59 ||    89
  Block: Buckler           |    19 |    47 ||    66

Table legend: (Time is in decaauts)
 A = Elapsed time spent in this place.
 B = Non-inter-level travel time spent in this place.
 C = Inter-level travel time spent in this place.
 D = Time resting spent in this place.
 E = Time spent auto-exploring this place.
 F = Levels seen in this place.
 G = Mean time per level.
                   A        B        C        D        E       F      G
               +--------+--------+--------+--------+--------+-----+--------+
         Total |   2405 |   2253 |    152 |      0 |   1816 |   4 |  601.2 |
       Dungeon |   2405 |   2253 |    152 |      0 |   1816 |   4 |  601.2 |
               +--------+--------+--------+--------+--------+-----+--------+

Top non-repeatable levels by time:
     D:3: 968 daAuts
     D:1: 672 daAuts
     D:2: 594 daAuts
     D:4: 169 daAuts
